 Dungeon Crawl Stone Soup version 0.28-a0-224-g76b539d98b (webtiles) character file.

Game seed: 1936324028171870711

1017 timneilson the Covered (level 8, -2/48 HPs)
             Began as a Gargoyle Fighter on Aug 21, 2021.
             Was an Initiate of Okawaru.
             Slain by an ogre (21 damage)
             ... on level 6 of the Dungeon.
             The game lasted 00:09:21 (5465 turns).

timneilson the Covered (Gargoyle Fighter)           Turns: 5465, Time: 00:09:21

Health: -2/48      AC: 17    Str: 26    XL:     8   Next: 22%
Magic:  17/17      EV: 12    Int:  9    God:    Okawaru [......]
Gold:   173        SH: 10    Dex:  9    Spells: 7/7 levels left

rFire   . . .      SeeInvis .   a - +1 long sword
rCold   . . .      Faith    .   c - +1 kite shield
rNeg    + . .      Spirit   .   b - +0 scale mail
rPois   ∞          Reflect  .   j - +0 helmet
rElec   +          Harm     .   n - +0 cloak
rCorr   .          Rampage  .   (no gloves)
Will    .....                   l - +0 pair of boots
Stlth   ..........              (no amulet)
HPRegen 0.16/turn               i - +4 ring of evasion
MPRegen 0.15/turn               r - ring of Goded {rPois MP+9 Str+4}

@: no status effects
A: sickness immunity, AC +5, negative energy resistance 1, electricity
resistance, torment resistance 1, petrification resistance
a: Renounce Religion


You were on level 6 of the Dungeon.
You worshipped Okawaru.
Okawaru was noncommittal.
You visited 2 branches of the dungeon, and saw 7 of its levels.

You collected 173 gold pieces.

Inventory:

Hand Weapons
 a - a +1 long sword (weapon)
Missiles
 g - a throwing net (quivered)
Armour
 b - a +0 scale mail (worn)
 c - a +1 kite shield (worn)
 j - a +0 helmet (worn)
 l - a +0 pair of boots (worn)
 n - a +0 cloak (worn)
Jewellery
 i - a +4 ring of evasion (left hand)
 r - the ring of Goded (right hand) {rPois MP+9 Str+4}
   (You found it on level 5 of the Dungeon)

   [ring of poison resistance]

   Str:       It affects your strength (+4).
   rPois:     It protects you from poison.
   MP:        It affects your magic capacity (+9).
Wands
 f - a wand of flame (12)
Scrolls
 e - 3 scrolls of teleportation
 o - a scroll of fear {unknown}
 p - a scroll of fog {unknown}
Potions
 d - a potion of lignification {unknown}
 h - a potion of magic {unknown}
 k - a potion of attraction {unknown}
 m - a potion of haste
 q - a potion of brilliance {unknown}


   Skills:
 + Level 4.8 Fighting
 * Level 4.6 Long Blades
 * Level 6.3 Armour
 * Level 6.3 Shields
 + Level 0.0 Invocations
 + Level 1.4 Evocations


You had 7 spell levels left.
You didn't know any spells.
Your spell library contained the following spells:

 Spells                   Type           Power      Damage    Failure   Level
 Shock                    Conj/Air       0%         1d3       95%         1
 Swiftness                Air            0%         N/A       100%        3
 Airstrike                Air            0%         N/A       100%        4


Dungeon Overview and Level Annotations

Branches:
Dungeon (6/15)             Temple (1/1) D:5

Altars:
Ashenzari
Cheibriados
Dithmenos
Elyvilon
Fedhas
Gozag
Hepliaklqana
Kikubaaqudgha
Makhleb
Nemelex Xobeh
Okawaru
Qazlal
Ru
Sif Muna
Trog
Vehumet
Wu Jian
Xom
Yredelemnul
Zin
The Shining One


Innate Abilities, Weirdness & Mutations

You are immune to sickness and miasma.
Your stone body is resilient. (AC +5)
You are immune to poison.
You resist negative energy. (rN+)
You are resistant to electric shocks. (rElec)
You are resistant to unholy torment.
You are immune to petrification.


Message History

An ice beast comes into view.
The gnoll hits you but does no damage.
You barely miss the gnoll.
The gnoll is severely wounded.
A bullfrog zombie comes into view.
The gnoll hits you but does no damage.
A centaur skeleton comes into view.
A gnoll comes into view. It is wielding a +0 whip.
There is a stone staircase leading up here.
The gnoll shouts!
You block the gnoll's attack.
You climb upwards.
There is a stone staircase leading down here.
You closely miss the gnoll.
The gnoll is severely wounded.
The gnoll hits you but does no damage. You block the gnoll's attack.
You barely miss the gnoll.
The gnoll is severely wounded.
You block the gnoll's attack.
You slash the gnoll!
You kill the gnoll!
Okawaru accepts your kill.
Things that are here:
a +0 club; a gnoll corpse
There is a stone staircase leading down here.
Search for what [Enter for "armor", or ? for help]? armor You climb downwards.
The gnoll shouts!
You hear an angry hiss.
The bullfrog zombie hits you but does no damage.
The gnoll shaman mumbles some strange prayers to its god against you.
You resist with some effort.
The ogre hits you with a +0 giant spiked club!!
Ouch! That really hurt!
You block the bullfrog zombie's attack.
There is a stone staircase leading up here.
The centaur skeleton hits you.
The centaur skeleton closely misses you.
The bullfrog zombie barely misses you.
The ogre hits you with a +0 giant spiked club!!
You die...

## .. #. ###.
#... .
#..#.#.#####....
#......O@Z......
...###Z#####..#
...!..(.#
....Ygg##
......S .....gs
!...... .......
......#


You could see a water moccasin, an ice beast, an ogre, a gnoll shaman, a
scorpion, 2 gnolls, a bullfrog zombie and a centaur skeleton.

Vanquished Creatures
  Grinder (D:3)
  A phantom (D:4)
  A kobold brigand (D:4)
  2 scorpions
  A water moccasin skeleton (D:5)
  A howler monkey (D:4)
  2 hounds (D:5)
  2 jellies (D:4)
  An orc priest (D:4)
  An iguana (D:5)
  Natasha (thrice) (D:3)
  A hound zombie (D:5)
  A hound skeleton (D:4)
  8 gnolls
  4 adders
  2 adder skeletons (D:4)
  3 worms
  A dart slug (D:1)
  4 orcs
  10 bats
  9 endoplasms
  4 giant cockroaches
  6 goblins
  8 hobgoblins
  A jackal (D:4)
  4 quokkas
  8 ball pythons
  4 frilled lizards
  4 kobolds
  9 rats
  A bush (D:4)
108 creatures vanquished.

Vanquished Creatures (others)
  An iguana (D:5)
  2 plants (D:1)
3 creatures vanquished.

Grand Total: 111 creatures vanquished

Notes
Turn   | Place    | Note
-------+----------+-------------------------------------------
     0 | D:1      | timneilson the Gargoyle Fighter began the quest for the
                  | Orb.
     0 | D:1      | Reached XP level 1. HP: 14/14 MP: 1/1
   353 | D:1      | Reached XP level 2. HP: 11/19 MP: 2/2
   842 | D:1      | Reached XP level 3. HP: 23/23 MP: 3/3
  1600 | D:2      | Reached XP level 4. HP: 28/28 MP: 4/4
  2288 | D:3      | Noticed Grinder
  2320 | D:3      | Killed Grinder
  2321 | D:3      | Reached XP level 5. HP: 29/33 MP: 5/5
  2321 | D:3      | Reached XP level 6. HP: 33/38 MP: 6/6
  2356 | D:3      | Found a glowing silver altar of Zin.
  2356 | D:3      | Found an ornate altar of the Wu Jian Council.
  2769 | D:3      | Noticed Natasha
  2786 | D:3      | Killed Natasha
  2787 | D:3      | Reached skill level 5 in Armour
  3151 | D:3      | Noticed Natasha
  3172 | D:3      | Killed Natasha
  3172 | D:3      | Noticed Natasha
  3173 | D:3      | Reached skill level 5 in Shields
  3187 | D:3      | Killed Natasha
  3597 | D:4      | Reached XP level 7. HP: 40/43 MP: 7/7
  4134 | D:4      | Found a white marble altar of Elyvilon.
  4137 | D:4      | Found a shimmering altar of Xom.
  4204 | D:4      | Found a glowing golden altar of the Shining One.
  4367 | D:4      | Reached skill level 1 in Evocations
  4627 | D:5      | Entered Level 5 of the Dungeon
  4693 | D:4      | Reached XP level 8. HP: 47/48 MP: 8/8
  4897 | D:5      | Identified the ring of Goded {rPois MP+9 Str+4}
  5091 | D:5      | Found a staircase to the Ecumenical Temple.
  5100 | Temple   | Entered the Ecumenical Temple
  5132 | Temple   | Became a worshipper of Warmaster Okawaru
  5465 | D:6      | Slain by an ogre

Illustrated notes

Levels and vault maps discovered:
D:1:      heliophobic_arrival_henge, layout_loops_ring, serial_forest,
          infiniplex_forest_clump_small, infiniplex_forest_zigzag_1,
          infiniplex_forest_diagonal, infiniplex_forest_lined_2,
          infiniplex_forest_clump_tiny, infiniplex_forest_lined_room_2,
          infiniplex_forest_clump_C, infiniplex_forest_clump_double, hex_medium
D:2:      layout_basic
D:3:      minmay_angry_zag, layout_basic, mainiacjoe_overflow_divided_tiny,
          uniq_natasha, uniq_grinder
D:4:      minmay_evil_eye, layout_loops_ring,
          gammafunk_temple_overflow_forgotten, hangedman_decor_peaks_small
D:5:      layout_rooms, lemuel_temple_firewalk_b, saegor_snake_ambush
D:6:      layout_rooms, mainiacjoe_overflow_boulevard,
          gammafunk_ghost_mausoleum, uniq_pikel, uniq_eustachio
Temple:   nicolae_temple_elliptical

Skill      XL: |  1  2  3  4  5  6  7 |
---------------+----------------------+-----
Long Blades    | 2 3 4 |  4.6
Armour         | 4 5 6 |  6.3
Shields        | 4 5 6 |  6.3
Fighting       | 4 |  4.8
Evocations     | 1 |  1.4

Action                   |  1- 3 |  4- 6 |  7- 9 || total
-------------------------+-------+-------+-------++-------
Melee: Long sword        |   106 |   111 |   236 ||   453
  Use: Scroll            |     5 |     3 |     2 ||    10
       Potion            |       |     5 |       ||     5
Armor: Scale mail        |    51 |    59 |    60 ||   170
Dodge: Dodged            |    63 |    85 |    87 ||   235
Block: Kite shield       |    57 |    73 |   105 ||   235
       Rpst.: Long sword |    26 |    30 |    29 ||    85

Table legend: (Time is in decaauts)
 A = Elapsed time spent in this place.
 B = Non-inter-level travel time spent in this place.
 C = Inter-level travel time spent in this place.
 D = Time resting spent in this place.
 E = Time spent auto-exploring this place.
 F = Levels seen in this place.
 G = Mean time per level.
                   A        B        C        D        E       F      G
               +--------+--------+--------+--------+--------+-----+--------+
         Total |   5728 |   5560 |    168 |    444 |   3732 |   7 |  818.3 |
       Dungeon |   5570 |   5409 |    161 |    444 |   3599 |   6 |  928.3 |
        Temple |    157 |    150 |      7 |      0 |    133 |   1 |  157.0 |
               +--------+--------+--------+--------+--------+-----+--------+

Top non-repeatable levels by time:
     D:3: 1645 daAuts
     D:1: 1250 daAuts
     D:4: 1170 daAuts
     D:2: 810 daAuts
     D:5: 686 daAuts
  Temple: 157 daAuts
     D:6: 7 daAuts
